Mulligans vs Sasquatch
Created - April 14, 2018 at 18:59
Goals
|
Mulligans |
0 |
2 |
1 |
3 |
Sasquatch |
2 |
0 |
2 |
4 |
|
Shots
|
Mulligans |
5 |
26 |
15 |
46 |
Sasquatch |
13 |
7 |
10 |
30 |
|
1st period
1. Sasquatch , Brock Trotter 20 (Brandon Gormley 43, Jason Zucker 42) at 1:00
2. Sasquatch , Jason Zucker 26 (Nick Bjugstad 45, Matt Taormina 20) at 5:04 (PP)
Penalties :
Dalton Thrower (Rep) for Roughing (Minor) at 4:53, Jonathan Tremblay (Rep) for Interference (Minor) at 10:59, Benn Ferriero (Rep) for Holding (Minor) at 14:28
2nd period
3. Mulligans , Anton Lander 30 (Matt Niskanen 47, Benn Ferriero 23) at 8:04 (PP)
4. Mulligans , Christoph Bertschy 9 (Sven Baertschi 14, Logan Shaw 24) at 12:38
Penalties :
Filip Forsberg (Gat) for Hooking (Minor) at 7:27, Matt Taormina (Gat) for Holding (Minor) at 8:26, Nick Leddy (Gat) for Hooking (Minor) at 13:14, Matt Niskanen (Rep) for Hooking (Minor) at 19:59
3rd period
5. Sasquatch , Jason Akeson 35 (Melker Karlsson 32) at 0:14 (PP)
6. Sasquatch , Teemu Hartikainen 10 (T.J. Tynan 2, Petr Straka 14) at 3:58
7. Mulligans , Jonathan Tremblay 38 (Nick Bonino 53, Eric Tangradi 77) at 17:35
Penalties :
Thomas Hickey (Rep) for Holding Stick (Minor) at 4:41, Joonas Donskoi (Rep) for Holding (Minor) at 8:02, Jason Zucker (Gat) for Hooking (Minor) at 11:39, Drayson Bowman (Rep) for Interference (Minor) at 13:50, Melker Karlsson (Gat) for Interference (Minor) at 18:19
Goalie Stats
Anders Lindback (Rep), 26 saves from 30 shots - (0.867), L, 29-21-2, 58:57 minutes
Corey Crawford (Gat), 43 saves from 46 shots - (0.935), W, 32-19-5, 60:00 minutes
Players Stats for Mulligans
Player Name G A P +/- PIM S H SB GA TA FO MP PP MP PK MP
------------------------------------------------------------------------------------
Anton Lander 1 0 1 -1 0 4 0 0 0 0 4/12 18:53 4:05 3:03
Ben Hutton 0 0 0 -1 0 0 0 0 0 0 0/0 20:29 3:13 4:15
Benn Ferriero 0 1 1 -1 2 2 3 0 1 0 0/0 17:55 4:05 0:00
Cade Fairchild 0 0 0 -1 0 0 3 1 0 2 0/0 20:27 3:13 4:13
Christoph Bertschy 1 0 1 1 0 1 0 0 0 0 0/2 6:25 0:00 0:03
Dalton Thrower 0 0 0 1 2 0 1 1 0 0 0/0 13:16 0:00 1:50
Darren Dietz 0 0 0 1 0 4 0 1 0 1 0/0 11:09 0:00 0:00
Drayson Bowman 0 0 0 -1 2 2 1 0 2 0 0/0 9:07 0:00 0:00
Eric Tangradi 0 1 1 1 0 6 0 1 0 1 2/4 21:01 4:09 5:04
Jonathan Tremblay 1 0 1 1 2 6 2 0 0 0 0/1 18:36 4:09 2:14
Joonas Donskoi 0 0 0 1 2 0 0 0 0 0 0/0 6:09 0:00 0:00
Logan Shaw 0 1 1 -1 0 3 1 0 1 0 0/1 14:28 0:00 3:00
Matt Beleskey 0 0 0 -1 0 4 3 0 0 0 0/0 15:38 4:05 0:00
Matt Niskanen 0 1 1 0 2 2 0 2 0 2 0/0 27:09 5:01 5:31
Maxime Macenauer 0 0 0 -1 0 3 0 0 1 0 4/6 9:23 0:00 0:00
Nick Bonino 0 1 1 1 0 6 3 0 1 0 16/29 24:12 4:09 5:41
Sven Baertschi 0 1 1 1 0 2 0 0 0 0 0/0 7:48 0:00 1:37
Thomas Hickey 0 0 0 0 2 1 1 1 0 0 0/0 27:27 5:01 4:53
Players Stats for Sasquatch
Player Name G A P +/- PIM S H SB GA TA FO MP PP MP PK MP
------------------------------------------------------------------------------------
Brandon Gormley 0 1 1 0 0 0 0 2 0 2 0/0 20:43 4:29 3:04
Brock Trotter 1 0 1 0 0 3 1 0 0 0 0/0 10:03 0:00 1:31
Filip Forsberg 0 0 0 0 2 1 0 1 0 1 1/1 18:27 5:19 0:00
Jason Akeson 1 0 1 0 0 1 3 0 1 0 1/2 18:28 5:19 0:00
Jason Zucker 1 1 2 0 2 1 2 0 0 1 0/0 17:45 5:02 0:06
Lauri Tukonen 0 0 0 0 0 0 2 1 0 0 2/2 14:50 0:00 5:05
Martin Marincin 0 0 0 1 0 1 0 0 0 1 0/0 15:04 0:11 5:10
Matt Halischuk 0 0 0 0 0 3 1 0 0 0 0/1 11:25 0:00 1:32
Matt Taormina 0 1 1 0 2 4 2 1 3 0 0/0 24:24 4:29 3:56
Melker Karlsson 0 1 1 0 2 4 3 2 0 0 14/29 22:59 5:14 4:14
Nick Bjugstad 0 1 1 0 0 1 1 0 0 0 5/9 17:06 5:02 0:06
Nick Leddy 0 0 0 -1 2 3 2 3 1 1 0/0 23:54 5:52 1:14
Patrick Wey 0 0 0 -1 0 1 1 3 0 0 0/0 25:16 5:41 3:04
Petr Straka 0 1 1 0 0 0 1 0 0 0 0/0 13:40 5:02 0:00
Sergey Kalinin 0 0 0 0 0 2 1 0 1 0 2/5 10:47 0:05 2:26
Slava Voynov 0 0 0 1 0 0 1 0 0 0 0/0 11:07 0:00 0:00
T.J. Tynan 0 1 1 0 0 2 1 0 0 0 3/4 6:55 0:00 0:00
Teemu Hartikainen 1 0 1 0 0 3 0 0 0 0 1/2 8:48 0:00 1:28
3 Stars
1 - Corey Crawford (Gat)
2 - Jason Akeson (Gat)
3 - Jason Zucker (Gat)
Power Play
Mulligans - 1 on 5 Attempt(s) - 20.00%
Sasquatch - 2 on 7 Attempt(s) - 28.57%
Penalty Kill
Mulligans - 5 on 7 Attempt(s) - 71.43%
- Score 0 goal in Penalty Kill
Sasquatch - 4 on 5 Attempt(s) - 80.00%
- Score 0 goal in Penalty Kill
Team Stat
Mulligans - Hits : 18 - Faceoff Wins : 26 - Blocked Shots : 7 - Penalty Minutes : 14
Sasquatch - Hits : 22 - Faceoff Wins : 29 - Blocked Shots : 13 - Penalty Minutes : 10
Official
Referees : L'Ecuyer Frederick and Banfield David
Linesman : Vaughan Rody and Ryan Galloway
Game Notes
No Game Note
Finance
Level 1 -- Attendance: 1530 (76.50%) -- Ticket Income $61,200
Level 2 -- Attendance: 708 (70.80%) -- Ticket Income $14,160
Total Attendance: 2238 (74.60%)
Total Ticket Income: $75,360
Other Income: $3,768
Total Income: $79,128
Mulligans
5 vs 5 Forward
Center Left Wing Right Wing Time % Phy DF OF
1 Nick Bonino Eric Tangradi Jonathan Tremblay 40 1 2 2
2 Anton Lander Matt Beleskey Benn Ferriero 30 1 2 2
3 Maxime Macenauer Drayson Bowman Logan Shaw 20 1 2 2
4 Christoph Bertschy Sven Baertschi Joonas Donskoi 10 1 2 2
5 vs 5 Defense
Defense Defense Time % Phy DF OF
1 Thomas Hickey Matt Niskanen 40 1 2 2
2 Cade Fairchild Ben Hutton 30 1 2 2
3 Darren Dietz Dalton Thrower 20 1 2 2
4 Thomas Hickey Matt Niskanen 10 1 2 2
PowerPlay Forward
Center Left Wing Right Wing Time % Phy DF OF
1 Nick Bonino Eric Tangradi Jonathan Tremblay 60 1 2 2
2 Anton Lander Matt Beleskey Benn Ferriero 40 1 2 2
PowerPlay Defense
Defense Defense Time % Phy DF OF
1 Thomas Hickey Matt Niskanen 60 1 2 2
2 Cade Fairchild Ben Hutton 40 1 2 2
Penalty Kill 4 Players Forward
Center Wing Time % Phy DF OF
1 Nick Bonino Eric Tangradi 60 1 2 2
2 Jonathan Tremblay Anton Lander 40 1 2 2
Penalty Kill 4 Players Defense
Defense Defense Time % Phy DF OF
1 Thomas Hickey Matt Niskanen 60 1 2 2
2 Cade Fairchild Ben Hutton 40 1 2 2
Penalty Kill - 3 Players Forward
Forward Time % Phy DF OF
1 Nick Bonino 60 1 2 2
2 Eric Tangradi 40 1 2 2
Penalty Kill - 3 Players Defense
Defense Defense Time % Phy DF OF
1 Thomas Hickey Matt Niskanen 60 1 2 2
2 Cade Fairchild Ben Hutton 40 1 2 2
4 vs 4 Forward
Center Wing Time % Phy DF OF
1 Nick Bonino Eric Tangradi 60 1 2 2
2 Jonathan Tremblay Anton Lander 40 1 2 2
4 vs 4 Defense
Defense Defense Time % Phy DF OF
1 Thomas Hickey Matt Niskanen 60 1 2 2
2 Cade Fairchild Ben Hutton 40 1 2 2
Last Minutes Offensive
Center Left Wing Right Wing Defense Defense
Nick Bonino Eric Tangradi Jonathan Tremblay Thomas Hickey Matt Niskanen
Last Minutes Defensive
Center Left Wing Right Wing Defense Defense
Nick Bonino Eric Tangradi Jonathan Tremblay Thomas Hickey Matt Niskanen
Goaltenders
Starting : Anders Lindback
Backup : Calvin Pickard
Extra Forwards
Normal : Maxime Macenauer, Drayson Bowman, Logan Shaw - PP : Maxime Macenauer, Drayson Bowman - PK : Logan Shaw
Extra Defensemen
Normal : Darren Dietz, Dalton Thrower, Cade Fairchild - PP : Darren Dietz - PK : Dalton Thrower, Cade Fairchild
Penalty Shots
Nick Bonino, Eric Tangradi, Jonathan Tremblay, Anton Lander, Maxime Macenauer
Scratches
Reid Boucher (Healthy), Nick Shore (Healthy), Mario Lucia (Healthy), Adam Lowry (Healthy), Derek Dorsett (Healthy)
Cody Goloubef (Right Knee Injury), Marek Langhamer (Healthy)
Sasquatch
5 vs 5 Forward
Center Left Wing Right Wing Time % Phy DF OF
1 Melker Karlsson Filip Forsberg Jason Akeson 40 1 2 2
2 Nick Bjugstad Jason Zucker Matt Halischuk 30 1 2 2
3 Sergey Kalinin Brock Trotter Lauri Tukonen 20 1 2 2
4 T.J. Tynan Teemu Hartikainen Petr Straka 10 1 2 2
5 vs 5 Defense
Defense Defense Time % Phy DF OF
1 Patrick Wey Nick Leddy 40 1 2 2
2 Brandon Gormley Matt Taormina 30 1 2 2
3 Martin Marincin Slava Voynov 20 1 2 2
4 Slava Voynov Matt Taormina 10 1 2 2
PowerPlay Forward
Center Left Wing Right Wing Time % Phy DF OF
1 Melker Karlsson Filip Forsberg Jason Akeson 60 1 2 2
2 Nick Bjugstad Jason Zucker Petr Straka 40 1 2 2
PowerPlay Defense
Defense Defense Time % Phy DF OF
1 Nick Leddy Patrick Wey 60 1 2 2
2 Brandon Gormley Matt Taormina 40 1 2 2
Penalty Kill 4 Players Forward
Center Wing Time % Phy DF OF
1 Melker Karlsson Lauri Tukonen 60 1 2 2
2 Sergey Kalinin Matt Halischuk 40 1 2 2
Penalty Kill 4 Players Defense
Defense Defense Time % Phy DF OF
1 Martin Marincin Matt Taormina 60 1 2 2
2 Brandon Gormley Patrick Wey 40 1 2 2
Penalty Kill - 3 Players Forward
Forward Time % Phy DF OF
1 Sergey Kalinin 60 1 2 2
2 Brock Trotter 40 1 2 2
Penalty Kill - 3 Players Defense
Defense Defense Time % Phy DF OF
1 Matt Taormina Brandon Gormley 60 1 2 2
2 Martin Marincin Patrick Wey 40 1 2 2
4 vs 4 Forward
Center Wing Time % Phy DF OF
1 Nick Bjugstad Filip Forsberg 60 1 2 2
2 Melker Karlsson Jason Zucker 40 1 2 2
4 vs 4 Defense
Defense Defense Time % Phy DF OF
1 Brandon Gormley Patrick Wey 60 1 2 2
2 Nick Leddy Martin Marincin 40 1 2 2
Last Minutes Offensive
Center Left Wing Right Wing Defense Defense
Nick Bjugstad Filip Forsberg Jason Akeson Brandon Gormley Nick Leddy
Last Minutes Defensive
Center Left Wing Right Wing Defense Defense
Melker Karlsson Filip Forsberg Matt Halischuk Martin Marincin Matt Taormina
Goaltenders
Starting : Corey Crawford
Backup : Joonas Korpisalo
Extra Forwards
Normal : Jason Zucker, Petr Straka, Teemu Hartikainen - PP : Jason Zucker, Melker Karlsson - PK : Teemu Hartikainen
Extra Defensemen
Normal : Brandon Gormley, Slava Voynov, Nick Leddy - PP : Brandon Gormley - PK : Nick Leddy, Slava Voynov
Penalty Shots
Jason Akeson, Jason Zucker, Nick Leddy, Filip Forsberg, Lauri Tukonen
Scratches
Andy Andreoff (Healthy), Drew Shore (Left Wrist Injury), Nicolas Deslauriers (Healthy), Ty Rattie (Healthy), Joey Laleggia (Healthy)
Andrew Campbell (Healthy), Jack Campbell (Healthy)
% Time on Ice - Mulligans
Lines # - Real PCT - Wanted PCT - Time Play
Normal Forward
1 - 35% - 40% - 14:23
2 - 29% - 30% - 11:50
3 - 22% - 20% - 8:58
4 - 15% - 10% - 6:14
Normal Defense
1 - 41% - 40% - 16:52
2 - 31% - 30% - 13:01
3 - 26% - 20% - 10:50
4 - 2% - 10% - 0:42
PP Forward
1 - 50% - 60% - 4:09
2 - 50% - 40% - 4:05
PP Defense
1 - 61% - 60% - 5:01
2 - 39% - 40% - 3:13
PK Forward
1 - 72% - 60% - 7:27
2 - 28% - 40% - 2:54
PK Defense
1 - 59% - 60% - 6:08
2 - 41% - 40% - 4:13
PK3 Forward
1 - 0% - 60%
2 - 0% - 40%
PK3 Defense
1 - 0% - 60%
2 - 0% - 40%
44 Forward
1 - 0% - 60%
2 - 0% - 40%
44 Defense
1 - 0% - 60%
2 - 0% - 40%
Last Minute Offensive - 0:00
Last Minute Defensive - 0:00
Total
Forward - 60:00
Defense - 60:00
|
% Time on Ice - Sasquatch
Lines # - Real PCT - Wanted PCT - Time Play
Normal Forward
1 - 33% - 40% - 13:51
2 - 30% - 30% - 12:23
3 - 20% - 20% - 8:16
4 - 17% - 10% - 6:55
Normal Defense
1 - 41% - 40% - 17:08
2 - 32% - 30% - 13:10
3 - 21% - 20% - 8:54
4 - 5% - 10% - 2:13
PP Forward
1 - 51% - 60% - 5:19
2 - 49% - 40% - 5:02
PP Defense
1 - 57% - 60% - 5:52
2 - 43% - 40% - 4:29
PK Forward
1 - 81% - 60% - 6:42
2 - 19% - 40% - 1:32
PK Defense
1 - 63% - 60% - 5:10
2 - 37% - 40% - 3:04
PK3 Forward
1 - 0% - 60%
2 - 0% - 40%
PK3 Defense
1 - 0% - 60%
2 - 0% - 40%
44 Forward
1 - 0% - 60%
2 - 0% - 40%
44 Defense
1 - 0% - 60%
2 - 0% - 40%
Last Minute Offensive - 0:00
Last Minute Defensive - 0:00
Total
Forward - 60:00
Defense - 60:00
|
Play by Play
1st period
0:01 of 1st period - Melker Karlsson wins face-off versus Nick Bonino in neutral zone.
0:10 of 1st period - Nick Leddy is hit by Nick Bonino and loses puck.
0:40 of 1st period - Snap shot by Matt Halischuk.
0:40 of 1st period - Stopped by Anders Lindback with a rebound.
1:00 of 1st period - Slapshot by Brandon Gormley.
1:00 of 1st period - Deflect By Brock Trotter.
1:00 of 1st period - Goal by Brock Trotter - Mulligans : 0 - Sasquatch : 1.
1:01 of 1st period - T.J. Tynan wins face-off versus Christoph Bertschy in neutral zone.
1:31 of 1st period - Snap shot by Nick Leddy.
1:31 of 1st period - Stopped by Anders Lindback with a rebound.
1:33 of 1st period - Snap shot by Teemu Hartikainen.
1:33 of 1st period - Stopped by Anders Lindback without a rebound.
1:34 of 1st period - Nick Bonino wins face-off versus Melker Karlsson in Mulligans zone.
2:21 of 1st period - Matt Beleskey is hit by Sergey Kalinin and loses puck.
2:34 of 1st period - Snap shot by Anton Lander.
2:34 of 1st period - Shot Misses the Net.
3:09 of 1st period - Wrist shot by Matt Taormina.
3:09 of 1st period - Stopped by Anders Lindback with a rebound.
3:44 of 1st period - Backhand shot by Anton Lander.
3:44 of 1st period - Shot Blocked by Melker Karlsson.
3:46 of 1st period - Slapshot by Anton Lander.
3:46 of 1st period - Stopped by Corey Crawford without a rebound.
3:47 of 1st period - Melker Karlsson wins face-off versus Anton Lander in Sasquatch zone.
3:52 of 1st period - Anton Lander is hit by Jason Akeson.
3:56 of 1st period - Snap shot by Matt Beleskey.
3:56 of 1st period - Shot Misses the Net.
4:09 of 1st period - Snap shot by Anton Lander.
4:09 of 1st period - Shot Blocked by Nick Leddy.
4:17 of 1st period - Cade Fairchild is hit by Melker Karlsson and loses puck.
4:50 of 1st period - Snap shot by Jason Akeson.
4:50 of 1st period - Deflect By Melker Karlsson.
4:50 of 1st period - Stopped by Anders Lindback without a rebound.
4:51 of 1st period - Nick Bonino wins face-off versus Matt Halischuk in Mulligans zone.
4:53 of 1st period - Minor Penalty to Dalton Thrower for Roughing.
4:54 of 1st period - Nick Bonino wins face-off versus Nick Bjugstad in Mulligans zone.
5:04 of 1st period - Wrist shot by Jason Zucker.
5:04 of 1st period - Goal by Jason Zucker - Mulligans : 0 - Sasquatch : 2.
5:05 of 1st period - Nick Bjugstad wins face-off versus Nick Bonino in neutral zone.
5:19 of 1st period - Snap shot by Matt Halischuk.
5:19 of 1st period - Shot Misses the Net.
5:55 of 1st period - Dalton Thrower is hit by Melker Karlsson and loses puck.
6:36 of 1st period - Jonathan Tremblay is hit by Matt Halischuk and loses puck.
6:41 of 1st period - Wrist shot by Matt Halischuk.
6:41 of 1st period - Shot Misses the Net.
7:05 of 1st period - Snap shot by Lauri Tukonen.
7:05 of 1st period - Shot Blocked by Darren Dietz.
7:37 of 1st period - Wrist shot by Eric Tangradi.
7:37 of 1st period - Shot Misses the Net.
8:46 of 1st period - Matt Taormina is hit by Matt Beleskey and loses puck.
8:53 of 1st period - Ben Hutton is hit by Petr Straka and loses puck.
9:12 of 1st period - Snap shot by Maxime Macenauer.
9:12 of 1st period - Shot Misses the Net.
9:14 of 1st period - Slapshot by Cade Fairchild.
9:14 of 1st period - Shot Blocked by Nick Leddy.
9:16 of 1st period - Snap shot by Drayson Bowman.
9:16 of 1st period - Stopped by Corey Crawford without a rebound.
9:17 of 1st period - Nick Bonino wins face-off versus Melker Karlsson in Sasquatch zone.
9:24 of 1st period - Slapshot by Melker Karlsson.
9:24 of 1st period - Shot Misses the Net.
9:44 of 1st period - Anton Lander is hit by Matt Taormina and loses puck.
9:51 of 1st period - Wrist shot by Nick Bjugstad.
9:51 of 1st period - Stopped by Anders Lindback with a rebound.
10:44 of 1st period - Jason Akeson is hit by Dalton Thrower and loses puck.
10:59 of 1st period - Minor Penalty to Jonathan Tremblay for Interference.
11:00 of 1st period - Nick Bonino wins face-off versus Melker Karlsson in Mulligans zone.
11:57 of 1st period - Off-side.
11:58 of 1st period - Melker Karlsson wins face-off versus Logan Shaw in neutral zone.
12:19 of 1st period - Nick Bonino is hit by Nick Leddy and loses puck.
12:48 of 1st period - Sven Baertschi is hit by Jason Akeson and loses puck.
12:59 of 1st period - Penalty to Jonathan Tremblay is over, Jonathan Tremblay is back on ice.
13:15 of 1st period - Wrist shot by Sergey Kalinin.
13:15 of 1st period - Stopped by Anders Lindback without a rebound.
13:16 of 1st period - Nick Bonino wins face-off versus Sergey Kalinin in Mulligans zone.
13:16 of 1st period - Nick Bonino is hit by Lauri Tukonen.
13:32 of 1st period - Wrist shot by Brock Trotter.
13:32 of 1st period - Shot Misses the Net.
13:34 of 1st period - Snap shot by Sergey Kalinin.
13:34 of 1st period - Shot Misses the Net.
13:36 of 1st period - Wrist shot by Martin Marincin.
13:36 of 1st period - Stopped by Anders Lindback with a rebound.
13:40 of 1st period - Slapshot by Sergey Kalinin.
13:40 of 1st period - Shot Misses the Net.
13:42 of 1st period - Wrist shot by Brock Trotter.
13:42 of 1st period - Shot Misses the Net.
13:56 of 1st period - Wrist shot by Brock Trotter.
13:56 of 1st period - Stopped by Anders Lindback without a rebound.
13:57 of 1st period - Anton Lander wins face-off versus Melker Karlsson in Mulligans zone.
14:02 of 1st period - Slapshot by Matt Beleskey.
14:02 of 1st period - Stopped by Corey Crawford with a rebound.
14:09 of 1st period - Off-side.
14:10 of 1st period - Melker Karlsson wins face-off versus Anton Lander in neutral zone.
14:28 of 1st period - Minor Penalty to Benn Ferriero for Holding.
14:29 of 1st period - Eric Tangradi wins face-off versus Melker Karlsson in Mulligans zone.
14:37 of 1st period - Wrist shot by Melker Karlsson.
14:37 of 1st period - Stopped by Anders Lindback with a rebound.
16:24 of 1st period - Cade Fairchild is hit by Nick Bjugstad and loses puck.
16:28 of 1st period - Penalty to Benn Ferriero is over, Benn Ferriero is back on ice.
16:31 of 1st period - Matt Taormina is hit by Logan Shaw and loses puck.
17:06 of 1st period - Slapshot by Matt Taormina.
17:06 of 1st period - Stopped by Anders Lindback with a rebound.
17:26 of 1st period - Wrist shot by Nick Bjugstad.
17:26 of 1st period - Shot Misses the Net.
17:40 of 1st period - Snap shot by Nick Bjugstad.
17:40 of 1st period - Shot Misses the Net.
17:46 of 1st period - Cade Fairchild is hit by Jason Zucker.
17:58 of 1st period - Slapshot by Nick Bjugstad.
17:58 of 1st period - Shot Blocked by Cade Fairchild.
18:17 of 1st period - Snap shot by Nick Bonino.
18:17 of 1st period - Shot Blocked by Brandon Gormley.
18:19 of 1st period - Wrist shot by Nick Bonino.
18:19 of 1st period - Stopped by Corey Crawford with a rebound.
18:56 of 1st period - Wrist shot by Logan Shaw.
18:56 of 1st period - Stopped by Corey Crawford without a rebound.
18:57 of 1st period - Jason Akeson wins face-off versus Christoph Bertschy in Sasquatch zone.
19:06 of 1st period - Slapshot by Melker Karlsson.
19:06 of 1st period - Shot Blocked by Matt Niskanen.
Goals for this period are 0 for Mulligans vs 2 for Sasquatch.
Shots for this period are 5 for Mulligans vs 13 for Sasquatch.
2nd period
0:01 of 2nd period - Nick Bonino wins face-off versus Melker Karlsson in neutral zone.
0:04 of 2nd period - Wrist shot by Jonathan Tremblay.
0:04 of 2nd period - Stopped by Corey Crawford without a rebound.
0:05 of 2nd period - Nick Bonino wins face-off versus Melker Karlsson in Sasquatch zone.
0:06 of 2nd period - Wrist shot by Eric Tangradi.
0:06 of 2nd period - Shot Misses the Net.
0:18 of 2nd period - Snap shot by Jason Akeson.
0:18 of 2nd period - Shot Blocked by Eric Tangradi.
0:20 of 2nd period - Snap shot by Melker Karlsson.
0:20 of 2nd period - Stopped by Anders Lindback with a rebound.
0:36 of 2nd period - Snap shot by Benn Ferriero.
0:36 of 2nd period - Shot Blocked by Patrick Wey.
0:58 of 2nd period - Slapshot by Matt Taormina.
0:58 of 2nd period - Deflect By Brock Trotter.
0:58 of 2nd period - Stopped by Anders Lindback with a rebound.
1:38 of 2nd period - Snap shot by Eric Tangradi.
1:38 of 2nd period - Stopped by Corey Crawford without a rebound.
1:39 of 2nd period - Anton Lander wins face-off versus Melker Karlsson in Sasquatch zone.
1:40 of 2nd period - Slapshot by Matt Beleskey.
1:40 of 2nd period - Stopped by Corey Crawford with a rebound.
1:42 of 2nd period - Wrist shot by Benn Ferriero.
1:42 of 2nd period - Stopped by Corey Crawford with a rebound.
1:44 of 2nd period - Slapshot by Darren Dietz.
1:44 of 2nd period - Stopped by Corey Crawford with a rebound.
1:46 of 2nd period - Snap shot by Anton Lander.
1:46 of 2nd period - Shot Blocked by Melker Karlsson.
1:48 of 2nd period - Snap shot by Benn Ferriero.
1:48 of 2nd period - Deflect By Matt Beleskey.
1:48 of 2nd period - Stopped by Corey Crawford with a rebound.
1:50 of 2nd period - Snap shot by Anton Lander.
1:50 of 2nd period - Stopped by Corey Crawford without a rebound.
1:51 of 2nd period - Filip Forsberg wins face-off versus Jonathan Tremblay in Sasquatch zone.
1:56 of 2nd period - Patrick Wey is hit by Nick Bonino and loses puck.
2:03 of 2nd period - Wrist shot by Nick Bonino.
2:03 of 2nd period - Shot Blocked by Filip Forsberg.
2:25 of 2nd period - Slapshot by Logan Shaw.
2:25 of 2nd period - Shot Misses the Net.
3:14 of 2nd period - Wrist shot by Melker Karlsson.
3:14 of 2nd period - Stopped by Anders Lindback with a rebound.
3:16 of 2nd period - Slapshot by Nick Leddy.
3:16 of 2nd period - Stopped by Anders Lindback without a rebound.
3:17 of 2nd period - Nick Bjugstad wins face-off versus Maxime Macenauer in Mulligans zone.
3:30 of 2nd period - Snap shot by Drayson Bowman.
3:30 of 2nd period - Stopped by Corey Crawford with a rebound.
3:32 of 2nd period - Slapshot by Matt Niskanen.
3:32 of 2nd period - Shot Misses the Net.
3:50 of 2nd period - Off-side.
3:51 of 2nd period - Lauri Tukonen wins face-off versus Nick Bonino in neutral zone.
3:54 of 2nd period - Eric Tangradi is hit by Brock Trotter and loses puck.
4:10 of 2nd period - Eric Tangradi is hit by Lauri Tukonen and loses puck.
4:25 of 2nd period - Slapshot by Sergey Kalinin.
4:25 of 2nd period - Stopped by Anders Lindback with a rebound.
4:27 of 2nd period - Slapshot by Matt Taormina.
4:27 of 2nd period - Shot Hit the Post.
4:29 of 2nd period - Backhand shot by Brandon Gormley.
4:29 of 2nd period - Shot Misses the Net.
4:31 of 2nd period - Slapshot by Matt Taormina.
4:31 of 2nd period - Shot Misses the Net.
4:33 of 2nd period - Wrist shot by Petr Straka.
4:33 of 2nd period - Deflect By T.J. Tynan.
4:33 of 2nd period - Stopped by Anders Lindback without a rebound.
4:34 of 2nd period - Maxime Macenauer wins face-off versus Nick Bjugstad in Mulligans zone.
5:04 of 2nd period - Off-side.
5:05 of 2nd period - Melker Karlsson wins face-off versus Nick Bonino in neutral zone.
5:13 of 2nd period - Icing by Darren Dietz.
5:14 of 2nd period - Nick Bonino wins face-off versus Melker Karlsson in Mulligans zone.
5:14 of 2nd period - Nick Bonino is hit by Jason Akeson.
5:20 of 2nd period - Snap shot by Jonathan Tremblay.
5:20 of 2nd period - Stopped by Corey Crawford with a rebound.
5:22 of 2nd period - Slapshot by Darren Dietz.
5:22 of 2nd period - Stopped by Corey Crawford with a rebound.
5:24 of 2nd period - Snap shot by Eric Tangradi.
5:24 of 2nd period - Stopped by Corey Crawford with a rebound.
5:26 of 2nd period - Slapshot by Darren Dietz.
5:26 of 2nd period - Stopped by Corey Crawford with a rebound.
5:28 of 2nd period - Slapshot by Darren Dietz.
5:28 of 2nd period - Deflect By Nick Bonino.
5:28 of 2nd period - Stopped by Corey Crawford without a rebound.
5:29 of 2nd period - Nick Bjugstad wins face-off versus Anton Lander in Sasquatch zone.
5:29 of 2nd period - Nick Bjugstad is hit by Benn Ferriero.
5:41 of 2nd period - Slapshot by Benn Ferriero.
5:41 of 2nd period - Stopped by Corey Crawford with a rebound.
5:43 of 2nd period - Snap shot by Anton Lander.
5:43 of 2nd period - Shot Misses the Net.
5:45 of 2nd period - Slapshot by Thomas Hickey.
5:45 of 2nd period - Stopped by Corey Crawford with a rebound.
5:55 of 2nd period - Patrick Wey is hit by Drayson Bowman and loses puck.
6:20 of 2nd period - Nick Leddy is hit by Cade Fairchild and loses puck.
6:59 of 2nd period - Icing by Darren Dietz.
7:00 of 2nd period - T.J. Tynan wins face-off versus Anton Lander in Mulligans zone.
7:13 of 2nd period - Wrist shot by Matt Beleskey.
7:13 of 2nd period - Shot Blocked by Matt Taormina.
7:15 of 2nd period - Slapshot by Darren Dietz.
7:15 of 2nd period - Stopped by Corey Crawford with a rebound.
7:17 of 2nd period - Slapshot by Anton Lander.
7:17 of 2nd period - Stopped by Corey Crawford with a rebound.
7:19 of 2nd period - Snap shot by Matt Beleskey.
7:19 of 2nd period - Stopped by Corey Crawford without a rebound.
7:20 of 2nd period - Eric Tangradi wins face-off versus Jason Akeson in Sasquatch zone.
7:25 of 2nd period - Wrist shot by Eric Tangradi.
7:25 of 2nd period - Stopped by Corey Crawford with a rebound.
7:27 of 2nd period - Minor Penalty to Filip Forsberg for Hooking.
7:28 of 2nd period - Lauri Tukonen wins face-off versus Nick Bonino in Sasquatch zone.
7:28 of 2nd period - Lauri Tukonen is hit by Thomas Hickey.
8:02 of 2nd period - Slapshot by Matt Niskanen.
8:02 of 2nd period - Deflect By Matt Taormina.
8:02 of 2nd period - Stopped by Corey Crawford with a rebound.
8:04 of 2nd period - Snap shot by Anton Lander.
8:04 of 2nd period - Goal by Anton Lander - Mulligans : 1 - Sasquatch : 2.
8:05 of 2nd period - Nick Bonino wins face-off versus Nick Bjugstad in neutral zone.
8:26 of 2nd period - Minor Penalty to Matt Taormina for Holding.
8:27 of 2nd period - Nick Bonino wins face-off versus Melker Karlsson in Sasquatch zone.
8:30 of 2nd period - Snap shot by Eric Tangradi.
8:30 of 2nd period - Shot Blocked by Lauri Tukonen.
8:52 of 2nd period - Lauri Tukonen is hit by Matt Beleskey and loses puck.
9:04 of 2nd period - Icing by Cade Fairchild.
9:05 of 2nd period - Sergey Kalinin wins face-off versus Anton Lander in Mulligans zone.
9:06 of 2nd period - Wrist shot by Matt Halischuk.
9:06 of 2nd period - Stopped by Anders Lindback with a rebound.
10:00 of 2nd period - Wrist shot by Matt Beleskey.
10:00 of 2nd period - Deflect By Anton Lander.
10:00 of 2nd period - Shot Hit the Post.
10:00 of 2nd period - Puck is out of play.
10:01 of 2nd period - Nick Bonino wins face-off versus Melker Karlsson in Sasquatch zone.
10:10 of 2nd period - Snap shot by Nick Bonino.
10:10 of 2nd period - Stopped by Corey Crawford without a rebound.
10:11 of 2nd period - Melker Karlsson wins face-off versus Nick Bonino in Sasquatch zone.
10:26 of 2nd period - Penalty to Matt Taormina is over, Matt Taormina is back on ice.
10:53 of 2nd period - Icing by Nick Bonino.
10:54 of 2nd period - Nick Bjugstad wins face-off versus Nick Bonino in Mulligans zone.
11:49 of 2nd period - Snap shot by Eric Tangradi.
11:49 of 2nd period - Shot Blocked by Patrick Wey.
11:51 of 2nd period - Wrist shot by Jonathan Tremblay.
11:51 of 2nd period - Stopped by Corey Crawford without a rebound.
11:52 of 2nd period - Anton Lander wins face-off versus T.J. Tynan in Sasquatch zone.
12:38 of 2nd period - Snap shot by Christoph Bertschy.
12:38 of 2nd period - Goal by Christoph Bertschy - Mulligans : 2 - Sasquatch : 2.
12:39 of 2nd period - Melker Karlsson wins face-off versus Anton Lander in neutral zone.
13:14 of 2nd period - Minor Penalty to Nick Leddy for Hooking.
13:15 of 2nd period - Melker Karlsson wins face-off versus Nick Bonino in Sasquatch zone.
13:31 of 2nd period - Slapshot by Thomas Hickey.
13:31 of 2nd period - Shot Misses the Net.
13:46 of 2nd period - Off-side.
13:47 of 2nd period - Sergey Kalinin wins face-off versus Anton Lander in neutral zone.
15:14 of 2nd period - Penalty to Nick Leddy is over, Nick Leddy is back on ice.
17:01 of 2nd period - Eric Tangradi is hit by T.J. Tynan.
17:07 of 2nd period - Slava Voynov is hit by Jonathan Tremblay and loses puck.
17:40 of 2nd period - Brock Trotter is hit by Benn Ferriero.
18:05 of 2nd period - Lauri Tukonen is hit by Jonathan Tremblay and loses puck.
18:24 of 2nd period - Slapshot by Sven Baertschi.
18:24 of 2nd period - Stopped by Corey Crawford with a rebound.
18:38 of 2nd period - Benn Ferriero is hit by Slava Voynov and loses puck.
19:18 of 2nd period - Wrist shot by Nick Bonino.
19:18 of 2nd period - Stopped by Corey Crawford without a rebound.
19:19 of 2nd period - Melker Karlsson wins face-off versus Anton Lander in Sasquatch zone.
19:19 of 2nd period - Melker Karlsson is hit by Benn Ferriero.
19:59 of 2nd period - Minor Penalty to Matt Niskanen for Hooking.
Goals for this period are 2 for Mulligans vs 0 for Sasquatch.
Shots for this period are 26 for Mulligans vs 7 for Sasquatch.
3rd period
0:01 of 3rd period - Melker Karlsson wins face-off versus Nick Bonino in neutral zone.
0:10 of 3rd period - Wrist shot by Melker Karlsson.
0:10 of 3rd period - Shot Misses the Net.
0:12 of 3rd period - Wrist shot by Melker Karlsson.
0:12 of 3rd period - Shot Misses the Net.
0:14 of 3rd period - Snap shot by Jason Akeson.
0:14 of 3rd period - Goal by Jason Akeson - Mulligans : 2 - Sasquatch : 3.
0:15 of 3rd period - Nick Bonino wins face-off versus Melker Karlsson in neutral zone.
0:20 of 3rd period - Slapshot by Nick Bonino.
0:20 of 3rd period - Stopped by Corey Crawford without a rebound.
0:21 of 3rd period - Nick Bonino wins face-off versus Melker Karlsson in Sasquatch zone.
0:22 of 3rd period - Snap shot by Eric Tangradi.
0:22 of 3rd period - Stopped by Corey Crawford with a rebound.
0:24 of 3rd period - Slapshot by Nick Bonino.
0:24 of 3rd period - Shot Misses the Net.
0:26 of 3rd period - Slapshot by Thomas Hickey.
0:26 of 3rd period - Shot Blocked by Brandon Gormley.
0:28 of 3rd period - Backhand shot by Matt Niskanen.
0:28 of 3rd period - Deflect By Eric Tangradi.
0:28 of 3rd period - Stopped by Corey Crawford with a rebound.
0:30 of 3rd period - Wrist shot by Nick Bonino.
0:30 of 3rd period - Stopped by Corey Crawford with a rebound.
0:32 of 3rd period - Wrist shot by Eric Tangradi.
0:32 of 3rd period - Shot Misses the Net.
0:34 of 3rd period - Wrist shot by Jonathan Tremblay.
0:34 of 3rd period - Stopped by Corey Crawford with a rebound.
0:36 of 3rd period - Snap shot by Jonathan Tremblay.
0:36 of 3rd period - Stopped by Corey Crawford with a rebound.
0:48 of 3rd period - Wrist shot by Benn Ferriero.
0:48 of 3rd period - Shot Misses the Net.
1:10 of 3rd period - Slapshot by Nick Leddy.
1:10 of 3rd period - Stopped by Anders Lindback with a rebound.
1:12 of 3rd period - Snap shot by Brock Trotter.
1:12 of 3rd period - Shot Misses the Net.
1:14 of 3rd period - Slapshot by Patrick Wey.
1:14 of 3rd period - Deflect By Maxime Macenauer.
1:14 of 3rd period - Stopped by Anders Lindback without a rebound.
1:15 of 3rd period - Nick Bonino wins face-off versus Melker Karlsson in Mulligans zone.
1:24 of 3rd period - Snap shot by Nick Bonino.
1:24 of 3rd period - Shot Blocked by Patrick Wey.
1:40 of 3rd period - Melker Karlsson is hit by Cade Fairchild and loses puck.
1:49 of 3rd period - Snap shot by Drayson Bowman.
1:49 of 3rd period - Shot Misses the Net.
1:51 of 3rd period - Snap shot by Logan Shaw.
1:51 of 3rd period - Shot Misses the Net.
1:53 of 3rd period - Wrist shot by Ben Hutton.
1:53 of 3rd period - Deflect By Maxime Macenauer.
1:53 of 3rd period - Stopped by Corey Crawford with a rebound.
2:23 of 3rd period - Patrick Wey is hit by Nick Bonino and loses puck.
2:46 of 3rd period - Snap shot by Teemu Hartikainen.
2:46 of 3rd period - Shot Misses the Net.
2:48 of 3rd period - Snap shot by Teemu Hartikainen.
2:48 of 3rd period - Stopped by Anders Lindback with a rebound.
3:01 of 3rd period - Icing by Matt Niskanen.
3:02 of 3rd period - Maxime Macenauer wins face-off versus Nick Bjugstad in Mulligans zone.
3:11 of 3rd period - Snap shot by Maxime Macenauer.
3:11 of 3rd period - Stopped by Corey Crawford with a rebound.
3:13 of 3rd period - Snap shot by Logan Shaw.
3:13 of 3rd period - Stopped by Corey Crawford with a rebound.
3:56 of 3rd period - Wrist shot by T.J. Tynan.
3:56 of 3rd period - Stopped by Anders Lindback with a rebound.
3:58 of 3rd period - Snap shot by Teemu Hartikainen.
3:58 of 3rd period - Goal by Teemu Hartikainen - Mulligans : 2 - Sasquatch : 4.
3:59 of 3rd period - Melker Karlsson wins face-off versus Eric Tangradi in neutral zone.
4:12 of 3rd period - Slapshot by Filip Forsberg.
4:12 of 3rd period - Shot Misses the Net.
4:24 of 3rd period - Matt Niskanen is hit by Jason Zucker and loses puck.
4:41 of 3rd period - Minor Penalty to Thomas Hickey for Holding Stick.
4:42 of 3rd period - Nick Bonino wins face-off versus Melker Karlsson in Mulligans zone.
5:55 of 3rd period - Snap shot by Logan Shaw.
5:55 of 3rd period - Shot Blocked by Nick Leddy.
5:57 of 3rd period - Slapshot by Matt Niskanen.
5:57 of 3rd period - Stopped by Corey Crawford with a rebound.
6:03 of 3rd period - Matt Niskanen is hit by Patrick Wey and loses puck.
6:41 of 3rd period - Penalty to Thomas Hickey is over, Thomas Hickey is back on ice.
6:48 of 3rd period - Filip Forsberg is hit by Matt Beleskey and loses puck.
7:03 of 3rd period - Slava Voynov is hit by Cade Fairchild and loses puck.
7:23 of 3rd period - Off-side.
7:24 of 3rd period - T.J. Tynan wins face-off versus Maxime Macenauer in neutral zone.
7:27 of 3rd period - Slapshot by Brandon Gormley.
7:27 of 3rd period - Shot Blocked by Matt Niskanen.
8:02 of 3rd period - Minor Penalty to Joonas Donskoi for Holding.
8:03 of 3rd period - Melker Karlsson wins face-off versus Nick Bonino in Mulligans zone.
9:59 of 3rd period - Dalton Thrower is hit by Nick Leddy and loses puck.
10:02 of 3rd period - Penalty to Joonas Donskoi is over, Joonas Donskoi is back on ice.
10:10 of 3rd period - Wrist shot by Sven Baertschi.
10:10 of 3rd period - Stopped by Corey Crawford without a rebound.
10:11 of 3rd period - Maxime Macenauer wins face-off versus Sergey Kalinin in Sasquatch zone.
10:20 of 3rd period - Snap shot by Logan Shaw.
10:20 of 3rd period - Stopped by Corey Crawford with a rebound.
10:22 of 3rd period - Snap shot by Maxime Macenauer.
10:22 of 3rd period - Stopped by Corey Crawford with a rebound.
11:03 of 3rd period - Wrist shot by Matt Halischuk.
11:03 of 3rd period - Stopped by Anders Lindback with a rebound.
11:05 of 3rd period - Slapshot by Matt Taormina.
11:05 of 3rd period - Stopped by Anders Lindback without a rebound.
11:06 of 3rd period - Melker Karlsson wins face-off versus Nick Bonino in Mulligans zone.
11:09 of 3rd period - Wrist shot by Melker Karlsson.
11:09 of 3rd period - Shot Blocked by Thomas Hickey.
11:11 of 3rd period - Snap shot by Jason Akeson.
11:11 of 3rd period - Shot Misses the Net.
11:39 of 3rd period - Minor Penalty to Jason Zucker for Hooking.
11:40 of 3rd period - Melker Karlsson wins face-off versus Nick Bonino in Sasquatch zone.
13:39 of 3rd period - Penalty to Jason Zucker is over, Jason Zucker is back on ice.
13:50 of 3rd period - Minor Penalty to Drayson Bowman for Interference.
13:51 of 3rd period - Nick Bjugstad wins face-off versus Eric Tangradi in Mulligans zone.
15:50 of 3rd period - Penalty to Drayson Bowman is over, Drayson Bowman is back on ice.
16:02 of 3rd period - Snap shot by Sergey Kalinin.
16:02 of 3rd period - Shot Blocked by Dalton Thrower.
16:04 of 3rd period - Backhand shot by Sergey Kalinin.
16:04 of 3rd period - Shot Misses the Net.
16:06 of 3rd period - Slapshot by Matt Taormina.
16:06 of 3rd period - Stopped by Anders Lindback with a rebound.
16:41 of 3rd period - Icing by Ben Hutton.
16:42 of 3rd period - Anton Lander wins face-off versus Teemu Hartikainen in Mulligans zone.
17:33 of 3rd period - Wrist shot by Eric Tangradi.
17:33 of 3rd period - Stopped by Corey Crawford with a rebound.
17:35 of 3rd period - Wrist shot by Nick Bonino.
17:35 of 3rd period - Deflect By Jonathan Tremblay.
17:35 of 3rd period - Goal by Jonathan Tremblay - Mulligans : 3 - Sasquatch : 4.
17:36 of 3rd period - Maxime Macenauer wins face-off versus Sergey Kalinin in neutral zone.
17:42 of 3rd period - Thomas Hickey is hit by Matt Taormina and loses puck.
18:03 of 3rd period - Eric Tangradi is hit by Melker Karlsson.
18:09 of 3rd period - Snap shot by Filip Forsberg.
18:09 of 3rd period - Stopped by Anders Lindback with a rebound.
18:19 of 3rd period - Minor Penalty to Melker Karlsson for Interference.
18:20 of 3rd period - Teemu Hartikainen wins face-off versus Nick Bonino in Sasquatch zone.
18:33 of 3rd period - Snap shot by Lauri Tukonen.
18:33 of 3rd period - Shot Misses the Net.
18:35 of 3rd period - Slapshot by Matt Taormina.
18:35 of 3rd period - Shot Misses the Net.
18:57 of 3rd period - Mulligans, Anders Lindback is pulled from the net.
Goals for this period are 1 for Mulligans vs 2 for Sasquatch.
Shots for this period are 15 for Mulligans vs 10 for Sasquatch.
Back to the Top